 Dungeon Crawl Stone Soup version 0.22-a0-284-g99d1f7439c (webtiles) character file.

57 Infinimo the Caller (level 3, 0/19 HPs)
             Began as a Deep Elf Summoner on Mar 20, 2018.
             Killed from afar by an orc wizard (4 damage)
             ... with a magic dart
             ... on level 4 of the Dungeon.
             The game lasted 00:03:46 (2619 turns).

Infinimo the Caller (Deep Elf Summoner)             Turns: 2619, Time: 00:03:47

Health: 0/19       AC:  4    Str:  5    XL:     3   Next: 73%
Magic:  0/10       EV: 13    Int: 20    God:
Gold:   157        SH:  0    Dex: 15    Spells: 7/10 levels left

rFire    . . .     SeeInvis .   k - +0 whip (venom)
rCold    . . .     Gourm    .   (no shield)
rNeg     . . .     Faith    .   a - +0 robe
rPois    .         Spirit   .   (no helmet)
rElec    .         Reflect  .   (no cloak)
rCorr    .         Harm     .   n - +1 pair of gloves
MR       .....                  (no boots)
Stlth    +++.......             (no amulet)
HPRegen  0.06/turn              h - ring of stealth
MPRegen  0.12/turn              (no ring)

@: no status effects
A: no striking features
a: no special abilities


You were on level 4 of the Dungeon.
You were hungry.

You visited 1 branch of the dungeon, and saw 4 of its levels.

You collected 157 gold pieces.

Inventory:

Hand Weapons
 k - a +0 whip of venom (weapon)
Armour
 a - a +0 robe (worn)
 n - a +1 pair of gloves (worn)
Jewellery
 h - a ring of stealth (left hand)
 l - a cursed -5 ring of protection {unknown}
 o - the ring "Qaax Xan" {rCorr MR+ MP+9 Str+7, unknown}
   (You found it on level 4 of the Dungeon)

   [ring of resist corrosion]

   It affects your strength (+7).
   It affects your resistance to hostile enchantments.
   It affects your magic capacity (+9).
Scrolls
 b - a scroll of enchant weapon {unknown}
 e - a scroll of magic mapping
 f - a scroll of fog
 g - 3 scrolls of remove curse
 m - a scroll of teleportation {unknown}
Potions
 d - a potion of flight {unknown}
 i - 2 potions of curing {unknown}
 j - a potion of lignification {unknown}
Comestibles
 c - 10 rations


   Skills:
 - Level 2.4 Dodging
 - Level 2.4 Stealth
 + Level 4.0 Spellcasting
 - Level 5.5 Summonings


You had 7 spell levels left.
You knew the following spells:

 Your Spells              Type           Power        Failure   Level  Hunger
a - Summon Small Mammal   Summ           ####         1%          1    None
b - Call Imp              Summ           ####....     1%          2    #......


Dungeon Overview and Level Annotations

Branches:
Dungeon (4/15)
 Temple: D:4-7

Altars:


Message History

The orc wizard looks encouraged for a moment.
The orc wizard casts a spell at you.
The orc wizard gestures at you while chanting.
The magic dart hits you! The orc wizard hits you with a dagger.
Casting: Call Imp (safe; 1% risk of failure)
Confirm with . or Enter, or press ? or * to list all spells.
Your crimson imp blinks!
The orc wizard points at you and mumbles some strange words.
Your bat hits the orc wizard but does no damage.
Casting: Summon Small Mammal (safe; 1% risk of failure)
Confirm with . or Enter, or press ? or * to list all spells.
Your bat hits the orc wizard but does no damage.
The orc wizard hits you with a dagger.
The orc wizard points at you and mumbles some strange words.
The puff of frost hits you!
* * * LOW HITPOINT WARNING * * *
The orc wizard casts a spell at you. The magic dart hits you!
You die...

#..##.......... #.............
#####............#.............
#.............#.....§....>5.
#.............##....##......
##....##......##.o..# ....##
##....##..##..##†...# ..#+#
#......[..##..##....# ..#
#..............oo...# ..#
#.........r@.o.b....+ ....
##.##.###.######...## .
####.##########...###..
#...'.....#..........
#...#.....'..........
##..##...####...###+#
....##...######## #...........#
#...........#


You could see 2 orc wizards, an orc, a friendly bat and a friendly rat.

Vanquished Creatures
  An adder (D:2)
1 creature vanquished.

Vanquished Creatures (collateral kills)
  3 adders
  4 gnolls (D:3)
  A dart slug (D:3)
  A leopard gecko (D:2)
  2 giant cockroaches
  2 goblins
  5 hobgoblins
  2 quokkas
  A bat (D:2)
  3 frilled lizards
  3 kobolds
  2 rats
29 creatures vanquished.

Vanquished Creatures (others)
  A bush (D:2)
1 creature vanquished.

Grand Total: 31 creatures vanquished

Notes
Turn   | Place    | Note
-------+----------+-------------------------------------------
     0 | D:1      | Infinimo the Deep Elf Summoner began the quest for the Orb.
     0 | D:1      | Reached XP level 1. HP: 10/10 MP: 6/6
     9 | D:1      | You fall through a shaft!
   273 | D:2      | Reached XP level 2. HP: 6/15 MP: 4/8
   533 | D:2      | Reached skill level 5 in Summonings
   680 | D:2      | Found a faded altar of an unknown god.
  1474 | D:2      | Learned a level 2 spell: Call Imp
  1735 | D:3      | Reached XP level 3. HP: 19/19 MP: 3/9
  2546 | D:4      | Got a heavily runed platinum ring
  2607 | D:4      | Noticed a phantom
  2619 | D:4      | Killed from afar by an orc wizard

Vault maps used:
D:1:      minmay_arrival_cross, serial_bayou, serial_bayou_shore_b,
          serial_bayou_pond_b, serial_bayou_pond_e, serial_bayou_pond_b,
          serial_bayou_pond_b
D:2:      chequers_ecumenical_altar_simple_redux, serial_forest,
          infiniplex_forest_lined_ring, infiniplex_forest_lined_room_,
          infiniplex_forest_corner_2, infiniplex_forest_clump_medium,
          infiniplex_forest_clump_large, infiniplex_forest_lined_2,
          infiniplex_forest_clump_diagonal, infiniplex_forest_fountain,
          infiniplex_forest_lined_3_way, first_ration
D:3:      kennysheep_generic_room_10
D:4:      minmay_temple_entry_mist, serial_shops, nicolae_shop_window_shopping,
          uniq_eustachio

Skill      XL: |  1  2  3 |
---------------+----------+-----
Summonings     | 5 |  5.5
Spellcasting   | 4 |  4.0
Dodging        | |  2.4
Stealth        | |  2.4

Action                   || total
-------------------------++-------
Melee: Whip              ||     4
 Cast: Summon Small Mamm ||    77
       Call Imp          ||    27
  Use: Scroll            ||     3
  Eat: Chunk             ||     5
Armor: Robe              ||     7
Dodge: Dodged            ||    23

Table legend:
 A = Spawn XP
 B = Non-spawn XP
 C = Spawn XP percentage of total XP
 D = Spawn monster count
 E = Non-spawn monster count
 F = Spawn count percentage of total count
 G = Total turns spent on level
                    A         B        C        D         E        F      G
               +---------+---------+-------+---------+---------+-------+---------
         Total |       0 |      82 |   0.0 |       0 |      30 |   0.0 |  2619
               +---------+---------+-------+---------+---------+-------+---------
           D:2 |       0 |      34 |   0.0 |       0 |      14 |   0.0 |  1498
           D:3 |       0 |      46 |   0.0 |       0 |      14 |   0.0 |   995
           D:4 |       0 |       2 |   0.0 |       0 |       2 |   0.0 |   117
               +---------+---------+-------+---------+---------+-------+---------
